 Dungeon Crawl Stone Soup version 0.23.2-1-ga50397a (webtiles) character file.

Game seed: 7849396158869884665

846 Fang the Skirmisher (level 8, -4/76 HPs)
             Began as a Gargoyle Berserker on Apr 25, 2019.
             Was a Priest of Trog.
             Slain by a two-headed ogre
             ... wielding a +0 giant club
              (13 damage)
             ... on level 5 of the Dungeon.
             The game lasted 00:03:17 (4706 turns).

Fang the Skirmisher (Gargoyle Berserker)            Turns: 4706, Time: 00:03:17

Health: -4/76      AC: 15    Str: 27    XL:     8   Next: 0%
Magic:  8/8        EV: 10    Int:  9    God:    Trog [***...]
Gold:   260        SH:  0    Dex:  9    Spells: 7/7 levels left

rFire    . . .     SeeInvis .   a - +0 hand axe
rCold    . . .     Gourm    .   (no shield)
rNeg     + . .     Faith    .   b - +0 chain mail (curse)
rPois    ∞         Spirit   .   (no helmet)
rElec    +         Reflect  .   (no cloak)
rCorr    .         Harm     .   (no gloves)
MR       .....                  (no boots)
Stlth    ..........             (no amulet)
HPRegen  0.22/turn              (no ring)
MPRegen  0.11/turn              (no ring)

@: berserking, very quick
A: negative energy resistance 1, electricity resistance, unbreathing,
petrification resistance, rot immunity, AC +5
a: Berserk, Trog's Hand, Renounce Religion


You were on level 5 of the Dungeon.
You worshipped Trog.
Trog was most pleased with you.
You were very hungry.

You visited 1 branch of the dungeon, and saw 5 of its levels.

You collected 260 gold pieces.

Inventory:

Hand Weapons
 a - a +0 hand axe (weapon)
Armour
 b - a cursed +0 chain mail (worn)
Wands
 s - a wand of flame (46)
 u - a wand of digging (4)
 w - a wand of iceblast (8)
 x - a wand of random effects (14)
Scrolls
 e - 2 scrolls of fear {unknown}
 g - a scroll of magic mapping {unknown}
 j - a scroll of enchant armour {unknown}
 k - 6 scrolls of noise {unknown}
 l - 3 scrolls of remove curse {unknown}
 n - a scroll of enchant weapon {unknown}
 o - a scroll of teleportation {unknown}
 p - 5 scrolls of identify {unknown}
 r - a scroll of blinking {unknown}
 v - a scroll of random uselessness {unknown}
Potions
 d - a potion of haste {unknown}
 f - a potion of magic {unknown}
 h - a potion of curing {unknown}
 i - 3 potions of might {unknown}
 m - 2 potions of brilliance {unknown}
 q - 2 potions of agility {unknown}
Comestibles
 c - 10 rations


   Skills:
 + Level 5.8 Fighting
 + Level 4.8 Axes
 + Level 5.1 Armour
 + Level 3.9 Dodging


You had 7 spell levels left.
You didn't know any spells.
Your spell library was empty.

Dungeon Overview and Level Annotations

Branches:
Dungeon (5/15)
 Temple: D:4-7

Altars:
Cheibriados
Elyvilon
Makhleb
Qazlal
Xom
The Shining One

Shops:
D:4 =


Innate Abilities, Weirdness & Mutations

You are resistant to torment.
Your stone body is resilient. (AC +5)
You are immune to poison.
You resist negative energy. (rN+)
You are resistant to electric shocks. (rElec)
You can survive without breathing.
You are immune to petrification.
You are immune to rotting.


Message History

You have reached level 8!
You feel clever.
You slash the two-headed ogre!
The two-headed ogre is heavily wounded.
The two-headed ogre hits you with a +0 giant club.
* * * LOW HITPOINT WARNING * * *
The two-headed ogre barely misses you.
You barely miss the two-headed ogre.
The two-headed ogre is heavily wounded.
The two-headed ogre hits you with a +0 giant club.
* * * LOW HITPOINT WARNING * * *
The two-headed ogre hits you but does no damage.
You slash the two-headed ogre!
The two-headed ogre is almost dead.
You slash the two-headed ogre!
The two-headed ogre is almost dead.
The two-headed ogre hits you with a +0 giant club!
* * * LOW HITPOINT WARNING * * *
The two-headed ogre hits you with a +0 giant club!
You die...

... .... #..
...# # #..
...# ..
###..##...#..#
.............
###...........
#....O........
#@....#
#.........
...........
##......#..#
#......# .#
#....#... .
#.........
#.........


You could see a two-headed ogre.

Vanquished Creatures
  Sigmund (D:4)
  Menkaure (D:4)
  An ogre (D:4)
  Blork the orc (D:4)
  A hound (D:4)
  An orc wizard (D:4)
  An orc priest (D:4)
  A bullfrog skeleton (D:4)
  A centaur skeleton (D:4)
  3 worker ants
  A hound skeleton (D:4)
  Robin (D:2)
  A howler monkey zombie (D:5)
  A howler monkey skeleton (D:4)
  4 adders
  2 oozes
  3 worms
  2 dart slugs (D:1)
  2 leopard geckos
  7 orcs
  8 bats
  4 giant cockroaches
  18 goblins
  9 hobgoblins
  7 kobolds
  3 quokkas
  A ball python (D:4)
  5 frilled lizards
  A quokka zombie (D:4)
  4 rats
96 creatures vanquished.

Notes
Turn   | Place    | Note
-------+----------+-------------------------------------------
     0 | D:1      | Fang the Gargoyle Berserker began the quest for the Orb.
     0 | D:1      | Reached XP level 1. HP: 14/14 MP: 1/1
    77 | D:1      | Reached XP level 2. HP: 17/19 MP: 2/2
   450 | D:1      | Reached XP level 3. HP: 23/23 MP: 3/3
   474 | D:1      | Reached ** piety under Trog
  1075 | D:2      | Found a burning altar of Makhleb.
  1075 | D:2      | Noticed an Executioner
  1078 | D:2      | Noticed a ynoxinul
  1078 | D:2      | Noticed a hellwing
  1115 | D:2      | Found a stormy altar of Qazlal.
  1165 | D:2      | Found a glowing golden altar of the Shining One.
  1166 | D:2      | Found a snail-covered altar of Cheibriados.
  1197 | D:2      | Found a white marble altar of Elyvilon.
  1246 | D:2      | Found a faded altar of an unknown god.
  1394 | D:2      | Noticed Robin
  1396 | D:2      | Reached XP level 4. HP: 29/29 MP: 4/4
  1412 | D:2      | Killed Robin
  2068 | D:3      | Reached XP level 5. HP: 33/33 MP: 5/5
  2365 | D:3      | Reached *** piety under Trog
  2668 | D:4      | Reached XP level 6. HP: 28/39 MP: 6/6
  2770 | D:4      | Noticed Blork the orc
  2790 | D:4      | Killed Blork the orc
  3056 | D:4      | Reached skill level 5 in Fighting
  3182 | D:4      | Noticed Sigmund
  3189 | D:4      | Killed Sigmund
  3189 | D:4      | Reached XP level 7. HP: 44/44 MP: 7/7
  3325 | D:4      | Noticed Menkaure
  3333 | D:4      | Killed Menkaure
  3739 | D:4      | Found a shimmering altar of Xom.
  4143 | D:4      | Found Labas's Jewellery Shoppe.
  4147 | D:4      | Reached skill level 5 in Armour
  4408 | D:5      | Entered Level 5 of the Dungeon
  4410 | D:5      | Noticed a two-headed ogre
  4702 | D:5      | Reached XP level 8. HP: 24/51 MP: 8/8
  4706 | D:5      | Slain by a two-headed ogre

Skill      XL: |  1  2  3  4  5  6  7 |
---------------+----------------------+-----
Axes           | 3 4 |  4.8
Dodging        | 2 3 |  3.9
Armour         | 3 4 5 |  5.1
Fighting       | 4 5 |  5.8

Action                   |  1- 3 |  4- 6 |  7- 9 || total
-------------------------+-------+-------+-------++-------
Melee: Hand axe          |   112 |   162 |    58 ||   332
Invok: Berserk           |     1 |     3 |     2 ||     6
 Stab: Sleeping          |     1 |       |       ||     1
  Eat: Chunk             |     2 |     8 |     6 ||    16
Armor: Animal skin       |    37 |    27 |       ||    64
       Chain mail        |       |    44 |    37 ||    81
Dodge: Dodged            |    71 |    88 |    33 ||   192
